 Dungeon Crawl Stone Soup version 0.27-a0-498-g7ecbb0a48f (webtiles) character file.

Game seed: 7352342333727314394

5 siradein the Sneak (level 1, -1/17 HPs)
             Began as a Draconian Brigand on Mar 2, 2021.
             Killed from afar by a dart slug (5 damage)
             ... with a slug dart
             ... on level 1 of the Dungeon.
             The game lasted 00:00:28 (72 turns).

siradein the Sneak (Draconian Brigand)                Turns: 72, Time: 00:00:29

Health: -1/17      AC:  5    Str: 13    XL:     1   Next: 66%
Magic:  1/1        EV: 11    Int: 11    God:
Gold:   0          SH:  0    Dex: 12    Spells: 0/0 levels left

rFire    . . .     SeeInvis .   a - +2 dagger
rCold    . . .     Faith    .   (no shield)
rNeg     . . .     Spirit   .   (armour unavailable)
rPois    .         Reflect  .   (helmet restricted)
rElec    .         Harm     .   b - +0 cloak
rCorr    .         Rampage  .   (no gloves)
Will     .....                  (no boots)
Stlth    ++........             (no amulet)
HPRegen  0.05/turn              (no ring)
MPRegen  0.07/turn              (no ring)

@: no status effects
A: unfitting armour, cold-blooded, AC +4
a: no special abilities


You were on level 1 of the Dungeon.
You visited 1 branch of the dungeon, and saw 1 of its levels.

Inventory:

Hand Weapons
 a - a +2 dagger (weapon)
Missiles
 c - 8 poisoned darts (quivered)
 d - 2 curare-tipped darts
Armour
 b - a +0 cloak (worn)
Scrolls
 e - a scroll of amnesia {unknown}
 g - a scroll of enchant armour {unknown}
 h - a scroll of teleportation {unknown}
Potions
 f - a potion of invisibility {unknown}


   Skills:
 - Level 2.1 Fighting
 - Level 2.0 Short Blades
 + Level 2.2 Throwing
 - Level 0.8 Dodging
 - Level 3.6 Stealth


You couldn't memorise any spells.
You didn't know any spells.
Your spell library was empty.

Dungeon Overview and Level Annotations

Branches:
Dungeon (1/15)

Altars:


Innate Abilities, Weirdness & Mutations

Your plain brown scales are hard. (AC +4)
You cannot fit into any form of body armour.
You are cold-blooded and may be slowed by cold attacks.


Message History

You hit the giant cockroach.
The giant cockroach is severely wounded.
The bat hits you but does no damage.
The giant cockroach waves its antennae.
The giant cockroach misses you. The dart slug launches a dart at you.
The slug dart hits you.
You hit the giant cockroach.
You kill the giant cockroach!
The bat hits you but does no damage.
Your Throwing skill increases to level 2!
The bat hits you but does no damage. The bat hits you.
Found a stone staircase leading down.
You see here a goblin corpse.
You hit the dart slug but do no damage. The bat closely misses you.
The dart slug bites you.
You hit the dart slug.
The dart slug is heavily wounded.
The bat hits you. The bat closely misses you.
A rat comes into view.
The dart slug launches a dart at you. The slug dart hits you.
The dart slug barely misses you.
You hit the dart slug. You tail-slap the dart slug.
The dart slug is almost dead.
The bat barely misses you.
You hit the dart slug.
You kill the dart slug!
The bat hits you but does no damage.
A goblin comes into view. It is wielding a +0 club.
The dart slug launches a dart at you. The slug dart hits you.
* * * LOW HITPOINT WARNING * * *
The goblin shouts!
You hit the dart slug.
The dart slug is heavily wounded.
The bat barely misses you. The dart slug launches a dart at you.
The slug dart hits you.
You die...

#.......#
#.......#
#.......######.#
##'####.........
####.#
#.######.#
#....# #.#
+?...#
#.#########
#....#
#>.........
#.@..#
######.####
#wb..#
######'####
#....#
#..........
#.....#
#..........
.r....#
#..8.....8.
#.#.#..#
#.[........
g......#
#..........
..>..#..#
#.....<....
#..........


You could see a dart slug, a goblin, a bat and a rat.

Vanquished Creatures
  A dart slug (D:1)
  A giant cockroach (D:1)
  A goblin (D:1)
3 creatures vanquished.

Notes
Turn   | Place    | Note
-------+----------+-------------------------------------------
     0 | D:1      | siradein the Draconian Brigand began the quest for the Orb.
     0 | D:1      | Reached XP level 1. HP: 17/17 MP: 1/1
    72 | D:1      | Killed from afar by a dart slug

Illustrated notes

Levels and vault maps discovered:
D:1:      psy_arrival_statuary, layout_basic, st_stairs_2,
          minmay_worlds_worst_comb

Skill      XL: |  1 |
---------------+----+-----
Throwing       | 2 |  2.2
Fighting       | |  2.1
Short Blades   | |  2.0
Dodging        | |  0.8
Stealth        | |  3.6

Action                   || total
-------------------------++-------
Melee: Dagger            ||    11
       Tailslap          ||     1
Armor: Skin              ||    10
Dodge: Dodged            ||    10

Table legend: (Time is in decaauts)
 A = Elapsed time spent in this place.
 B = Non-inter-level travel time spent in this place.
 C = Inter-level travel time spent in this place.
 D = Time resting spent in this place.
 E = Time spent auto-exploring this place.
 F = Levels seen in this place.
 G = Mean time per level.
                   A        B        C        D        E       F      G
               +--------+--------+--------+--------+--------+-----+--------+
         Total |     71 |     71 |      0 |      0 |     47 |   1 |   71.0 |
       Dungeon |     71 |     71 |      0 |      0 |     47 |   1 |   71.0 |
               +--------+--------+--------+--------+--------+-----+--------+

Top non-repeatable levels by time:
     D:1: 71 daAuts
